[Event "ICC tourney 2332 (75 10)"]
[Site "Internet Chess Club"]
[Date "2021.01.24"]
[Round "6"]
[White "hi987"]
[Black "jmwgroff"]
[Result "0-1"]
[ICCResult "White checkmated"]
[WhiteElo "1596"]
[BlackElo "1894"]
[Opening "Caro-Kann defense"]
[ECO "B15"]
[NIC "CK.05"]
[Time "20:01:55"]
[PlyCount "126"]
[TimeControl "4500+10"]

1. e4 c6 2. d4 d5 3. Nc3 dxe4 4. Nxe4 Nf6 5. Ng3 g6 6. Nf3 Bg7 7. h3 O-O 8.
Bc4 Nbd7 9. O-O Qc7 10. Re1 Nb6 11. Bb3 a5 12. a4 Nbd5 13. Bg5 Be6 14. Qd2
Rad8 15. Bh6 Rfe8 16. Bxg7 Kxg7 17. Ng5 Bc8 18. Qe2 h6 19. Nf3 Nf4 20. Qe5
Qxe5 21. Nxe5 Be6 22. Bxe6 Nxe6 23. c3 c5 24. dxc5 Nxc5 25. b4 Nd3 26. Re3
Nxe5 27. Rxe5 Nd5 28. bxa5 Nxc3 29. Ne4 f6 30. Rxe7+ Rxe7 31. Nxc3 Ra8 32.
Nd5 Rf7 33. Rb1 Rxa5 34. Nf4 Rxa4 35. Ne6+ Kh7 36. Rd1 Re7 37. Nf8+ Kg7 38.
Nd7 b5 39. Nb6 Rae4 40. Kh2 Rb7 41. Nd7 Rc4 42. Rd6 b4 43. Nxf6 b3 44. Ne8+
Kf8 45. Nf6 b2 46. Nd5 b1=Q 47. Rf6+ Kg7 48. Rf3 Rb3 49. Rf6 Rc1 50. f3
Rh1+ 51. Kg3 Qe1+ 52. Kf4 Qh4+ 53. g4 Rxf3+ 54. Kxf3 Rf1+ 55. Kg2 Rxf6 56.
Nxf6 Kxf6 57. Kh1 Qxh3+ 58. Kg1 Qf3 59. Kh2 Qxg4 60. Kh1 Kf5 61. Kh2 Kf4
62. Kh1 Kf3 63. Kh2 Qg2# { White checkmated } 0-1

[Event "ICC tourney 2332 (75 10)"]
[Site "Internet Chess Club"]
[Date "2021.01.24"]
[Round "6"]
[White "adwaysane"]
[Black "kleong12"]
[Result "1/2-1/2"]
[ICCResult "Game drawn by mutual agreement"]
[WhiteElo "1673"]
[BlackElo "1833"]
[Opening "Scandinavian (center counter) defense"]
[ECO "B01"]
[NIC "SD.02"]
[Time "20:02:07"]
[PlyCount "240"]
[TimeControl "4500+10"]

1. e4 d5 2. exd5 Qxd5 3. Nc3 Qd8 4. d4 Nf6 5. Nf3 Bg4 6. Be2 e6 7. a3 c6 8.
h3 Bxf3 9. Bxf3 Bd6 10. O-O Nbd7 11. Ne4 Nxe4 12. Bxe4 O-O 13. Be3 a5 14.
c4 Qc7 15. Rc1 Bf4 16. Bxf4 Qxf4 17. Qf3 Qxf3 18. Bxf3 Nf6 19. Rfd1 Rfd8
20. g4 g5 21. Kf1 Rd7 22. Ke2 Rad8 23. Ke3 Kg7 24. b4 axb4 25. axb4 h5 26.
gxh5 Kh6 27. b5 cxb5 28. cxb5 Nxh5 29. Bxh5 Kxh5 30. b6 Rd6 31. Rc7 Rxb6
32. Rxf7 Kg6 33. Rc7 Kf5 34. Rf7+ Kg6 35. Rc7 Rb3+ 36. Ke4 Rd5 37. Re7 Kf6
38. Rh7 Rf5 39. Rh6+ Ke7 40. Rd3 Rf4+ 41. Ke3 Rxd3+ 42. Kxd3 Rxf2 43. Ke3
Rf4 44. Rg6 Rh4 45. Rxg5 Rxh3+ 46. Ke4 Rb3 47. d5 exd5+ 48. Rxd5 Ke6 49.
Rd8 Rb4+ 50. Kd3 Ke7 51. Rd5 Ra4 52. Kc3 Ke6 53. Rd1 Ra6 54. Kb4 Ra2 55.
Kb3 Re2 56. Rd3 Re4 57. Rd1 Re5 58. Kb4 Re2 59. Kb3 Re4 60. Rd3 Re5 61. Kb4
Ke7 62. Rd1 Re6 63. Rd5 Rd6 64. Rxd6 Kxd6 65. Kb5 Kc7 66. Kc5 Kb8 67. Kb6
Kc8 68. Kb5 Kc7 69. Kc5 b6+ 70. Kb5 Kb7 71. Kb4 Ka6 72. Ka4 Ka7 73. Kb5 Kb7
74. Kb4 Kc6 75. Kc4 Kc7 76. Kb5 Kb7 77. Kb4 Kc7 78. Kb5 Kb7 79. Kb4 Ka6 80.
Ka4 Ka7 81. Kb5 Kb7 82. Kb4 Kc6 83. Kc4 Kd6 84. Kb5 Kc7 85. Kb4 Kb8 86. Kb5
Kb7 87. Kb4 Kc6 88. Kc4 Kc7 89. Kb5 Kb7 90. Kb4 Ka7 91. Kb5 Kb7 92. Kb4 Ka6
93. Ka4 b5+ 94. Kb4 Kb6 95. Kb3 Ka5 96. Ka3 Ka6 97. Kb4 Kb6 98. Kb3 Kc6 99.
Kb4 Kb6 100. Kb3 Kc6 101. Kb4 Kb6 102. Kb3 Kc6 103. Kb4 Kb6 104. Kb3 Ka6
105. Kb4 Kb6 106. Kb3 Ka5 107. Ka3 Kb6 108. Kb4 Kc6 109. Kb3 Kc5 110. Kc3
Kd5 111. Kb4 Kc6 112. Kb3 Kb7 113. Kb4 Kb6 114. Kb3 Ka6 115. Kb4 Kb6 116.
Kb3 Ka5 117. Ka3 Kb6 118. Kb4 Kc6 119. Kb3 Kc5 120. Kc3 Kc6 { Game drawn by
mutual agreement } 1/2-1/2

[Event "ICC tourney 2332 (75 10)"]
[Site "Internet Chess Club"]
[Date "2021.01.24"]
[Round "6"]
[White "rabbitAAAA"]
[Black "vober6"]
[Result "0-1"]
[ICCResult "White checkmated"]
[WhiteElo "1819"]
[BlackElo "1876"]
[Opening "QGD: semi-Slav"]
[ECO "D31"]
[NIC "SL.06"]
[Time "20:02:09"]
[PlyCount "114"]
[TimeControl "4500+10"]

1. d4 d5 2. c4 e6 3. Nc3 c6 4. e3 Bd6 5. Nf3 f5 6. b3 Nf6 7. Bd3 O-O 8. O-O
Ne4 9. Bb2 Nd7 10. Ne2 Qf6 11. Nd2 Qh6 12. f4 g5 13. g3 Ndf6 14. Nc3 Ng4
15. Qe2 Nxd2 16. Qxd2 gxf4 17. exf4 Rf6 18. Rae1 Rg6 19. Kh1 Nf6 20. Qg2
Nh5 21. Ne2 Bd7 22. Rf3 Kf7 23. Rg1 Rag8 24. Bc1 Nf6 25. c5 Bc7 26. Bd2 Qh5
27. Re1 Ng4 28. Ng1 Qh6 29. Nh3 Qh5 30. Re2 Rh6 31. Ng5+ Rxg5 32. fxg5 Nxh2
33. Kg1 Nxf3+ 34. Kf2 Nxg5 35. Re1 Nh3+ 36. Kf1 Ng5 37. Kf2 Qg4 38. Be2
Qxd4+ 39. Be3 Qf6 40. Rh1 Rxh1 41. Qxh1 Ne4+ 42. Kf3 Ng5+ 43. Bxg5 Qxg5 44.
Qxh7+ Qg7 45. Qh5+ Qg6 46. Qh4 e5 47. Kg2 Qg7 48. Qb4 f4 49. Qxb7 Qxg3+ 50.
Kh1 Qe1+ 51. Kg2 Qxe2+ 52. Kg1 Qe3+ 53. Kg2 Qg3+ 54. Kh1 Qe1+ 55. Kg2 Qe2+
56. Kg1 f3 57. Qxc7 Qg2# { White checkmated } 0-1

[Event "ICC tourney 2332 (75 10)"]
[Site "Internet Chess Club"]
[Date "2021.01.24"]
[Round "6"]
[White "xyzchessdude"]
[Black "TheGrandAmateur"]
[Result "1-0"]
[ICCResult "Black resigns"]
[WhiteElo "1960"]
[BlackElo "1752"]
[Opening "Réti opening"]
[ECO "A04"]
[NIC "QP.11"]
[Time "20:01:58"]
[PlyCount "155"]
[TimeControl "4500+10"]

1. Nf3 g6 2. c4 Bg7 3. g3 Nc6 4. d4 d6 5. Bg2 Bg4 6. Be3 e5 7. d5 Nce7 8.
Nc3 Nh6 9. h3 Bd7 10. Qc1 Nhf5 11. Bd2 h5 12. Ne4 Qc8 13. Bg5 Ng8 14. Rb1
Nfe7 15. Bd2 f5 16. Nc3 Nf6 17. Ng5 O-O 18. O-O c6 19. dxc6 bxc6 20. e4 Be6
21. Nxe6 Qxe6 22. exf5 gxf5 23. b3 d5 24. cxd5 cxd5 25. Bh6 Rac8 26. Bxg7
Kxg7 27. Qd2 d4 28. Ne2 Ne4 29. Bxe4 fxe4 30. Nxd4 exd4 31. Qxd4+ Kg8 32.
Rbe1 Nf5 33. Qxe4 Qxe4 34. Rxe4 Rc2 35. Ra4 Nd6 36. g4 hxg4 37. hxg4 Rf7
38. Kg2 Nb5 39. Kg3 Nc3 40. Rc4 Ne2+ 41. Kg2 Nf4+ 42. Kg3 Rxc4 43. bxc4 Nd3
44. f4 Rc7 45. Rd1 Nb2 46. Rd8+ Kf7 47. Kh4 Nxc4 48. Kg5 Nb6 49. Rh8 Kg7
50. Rd8 Nd7 51. Re8 Nf6 52. Re5 Rf7 53. f5 Nh7+ 54. Kf4 Nf6 55. g5 Nd7 56.
Ra5 Nb6 57. Rc5 Nd7 58. Rc6 Nb6 59. Kg4 Nd5 60. Rg6+ Kf8 61. Re6 Kg7 62.
Re5 Rd7 63. Kh5 Nf4+ 64. Kg4 Nd5 65. Re6 Rf7 66. Re8 Nc7 67. f6+ Kh7 68.
Re2 Kg6 69. Rh2 Rh7 70. Rxh7 Kxh7 71. Kf5 Kg8 72. g6 Nd5 73. Ke5 Nc7 74.
Kd6 Ne8+ 75. Ke7 Nxf6 76. Kxf6 a6 77. a4 a5 78. g7 { Black resigns } 1-0

[Event "ICC tourney 2332 (75 10)"]
[Site "Internet Chess Club"]
[Date "2021.01.24"]
[Round "6"]
[White "Ajcanalie"]
[Black "Ako-Ako"]
[Result "1-0"]
[ICCResult "Black forfeits on time"]
[WhiteElo "1738"]
[BlackElo "1980"]
[Opening "French: Winawer (Nimzovich) variation"]
[ECO "C15"]
[NIC "FR.08"]
[Time "20:02:06"]
[PlyCount "111"]
[TimeControl "4500+10"]

1. e4 e6 2. d4 d5 3. Nc3 Bb4 4. exd5 exd5 5. Bd3 Nf6 6. Ne2 O-O 7. O-O Re8
8. a3 Bd6 9. Bf4 c6 10. f3 Qe7 11. Qd2 Nh5 12. Bxd6 Qxd6 13. g4 Nf6 14. Ng3
g6 15. Rae1 Re6 16. Qg5 Ne8 17. Bf5 Rxe1 18. Rxe1 Be6 19. Bxe6 fxe6 20.
Nce2 Nd7 21. Nf4 Ng7 22. Ngh5 Re8 23. Nxg7 Kxg7 24. Kg2 b6 25. h4 e5 26.
dxe5 Rxe5 27. Rxe5 Nxe5 28. Nh5+ Kf7 29. Qh6 Ke8 30. Ng7+ Kd8 31. Qxh7 Kc8
32. Qg8+ Kb7 33. Ne8 Qe7 34. Qg7 Qxg7 35. Nxg7 Kc7 36. Kg3 Kd6 37. h5 gxh5
38. gxh5 Nf7 39. Nf5+ Ke5 40. Kg4 c5 41. h6 d4 42. h7 Kf6 43. Nd6 Ne5+ 44.
Kf4 Ng6+ 45. Ke4 Ke6 46. Nc8 Nh8 47. Nxa7 Nf7 48. Nc8 Ng5+ 49. Kd3 Nxh7 50.
Nxb6 Ng5 51. Kc4 Kd6 52. f4 Ne4 53. a4 Kc6 54. a5 Nd6+ 55. Kd3 Kb5 56. Nd7
{ Black forfeits on time } 1-0